 Dungeon Sprint DCSS version 0.26-a0-1184-g95e395e029 (webtiles) character file.

Game seed: 16548298564309818853

965 reriks the Fighter (level 8, -11/57 HPs)
             Began as a Gargoyle Berserker on Dec 27, 2020.
             Was a Priest of Trog.
             Mangled by a red devil
             ... wielding a +3 demon trident of electrocution
             ... summoned by an obsidian statue
              (13 damage)
             ... in the Dungeon (Sprint II: "The Violet Keep of Menkaure").
             The game lasted 00:03:03 (1115 turns).

reriks the Fighter (Gargoyle Berserker)             Turns: 1115, Time: 00:03:04

Health: -11/57     AC:  4    Str: 22    XL:     8   Next: 15%
Magic:  8/8        EV:  9    Int:  9    God:    Trog [***...]
Gold:   197        SH:  0    Dex:  9    Spells: 7/7 levels left

rFire    . . .     SeeInvis .   a - +0 mace
rCold    . . .     Faith    .   (no shield)
rNeg     + . .     Spirit   .   j - +0 plate armour {rPois}
rPois    ∞         Reflect  .   (no helmet)
rElec    +         Harm     .   (no cloak)
rCorr    .         Rampage  .   (no gloves)
Will     ++...     NoTele   +   (no boots)
Stlth    ..........             (no amulet)
HPRegen  1.19/turn              (no ring)
MPRegen  0.11/turn              (no ring)

@: corroded, mesmerised, regenerating, hasted, very quick
A: negative energy resistance 1, electricity resistance, unbreathing,
petrification resistance, miasma immunity, AC +5
a: Renounce Religion, Berserk, Trog's Hand


You were in the Dungeon.
You worshipped Trog.
Trog was most pleased with you.
You visited 1 branch You collected 743 gold pieces.
You spent 546 gold pieces at shops.

Inventory:

Hand Weapons
 a - a +0 mace (weapon)
 i - a +0 spear
Armour
 b - a +0 animal skin
 j - a +0 plate armour of poison resistance (worn)
Scrolls
 h - a scroll of blinking
Potions
 f - 2 potions of magic
 g - a potion of berserk rage


   Skills:
 + Level 10.1 Fighting
 + Level 9.3 Maces & Flails
 + Level 9.8 Armour
 + Level 7.5 Dodging


You had 7 spell levels left.
You didn't know any spells.
Your spell library was empty.

Dungeon Overview and Level Annotations

Branches:
Dungeon (1/1)

Altars:

Shops:
D [::==(!!*?([((}

Annotations:
D exclusions: obsidian statue and oklob plant, Roxanne


Innate Abilities, Weirdness & Mutations

You are resistant to torment.
Your stone body is resilient. (AC +5)
You are immune to poison.
You resist negative energy. (rN+)
You are resistant to electric shocks. (rElec)
You can survive without breathing.
You are immune to petrification.
You are immune to miasma.


Message History

You hit the obsidian statue but do no damage.
The obsidian statue is heavily damaged.
The rust devil hits you.
* * * LOW HITPOINT WARNING * * *
The rust devil corrodes you! The red devil completely misses you.
The shadow imp barely misses you.
Okay, then.
You feel better.
The red devil hits you from afar with a +3 demon trident of electrocution!
* * * LOW HITPOINT WARNING * * *
The obsidian statue's eyes glow briefly.
The rust devil hits you.
* * * LOW HITPOINT WARNING * * *
The rust devil corrodes you!
You miss the crimson imp.
The red devil hits you from afar with a +0 trident!
* * * LOW HITPOINT WARNING * * *
The shadow imp hits you but does no damage.
The red devil hits you from afar with a +3 demon trident of electrocution!
You die...

####+#### ##.○.○.°.##
##.°°4°....##
+..○°○84○°..#
#.☼°°@○4..#
≈##.°5°5○.##
##########≈≈#''○#°°'##
#########≈≈≈..○○○☼°..#
∩.∩.....#≈≈≈≈.##+##..#
.∩.∩....#≈≈≈≈##.
.##.####
..∩.∩...#≈≈≈≈#.○
..#....#
...∩.∩..#≈≈###


B#B ###..## ....∩.⌠.#≈##.# #+###.##..# You could see an obsidian statue
(mesmerising), a rust devil (summoned), 2 red devils, a crimson imp (summoned)
and a shadow imp (summoned).

Vanquished Creatures
  A merfolk siren (D)
  2 wyverns (D)
  A vampire mosquito (D)
  Menkaure (D)
  4 worker ants (D)
9 creatures vanquished.

Vanquished Creatures (others)
  A water moccasin (D)
1 creature vanquished.

Grand Total: 10 creatures vanquished

Notes
Turn   | Place    | Note
-------+----------+-------------------------------------------
     0 | D        | reriks the Gargoyle Berserker began the quest for the Orb.
     0 | D        | Reached XP level 1. HP: 14/14 MP: 1/1
     1 | D        | Noticed a boulder beetle
     1 | D        | Noticed a boulder beetle
     4 | D        | Noticed a merfolk siren
    12 | D        | Killed a merfolk siren
    13 | D        | Reached skill level 8 in Fighting
    13 | D        | Reached skill level 5 in Dodging
    13 | D        | Reached XP level 2. HP: 15/25 MP: 2/2
    13 | D        | Reached XP level 3. HP: 17/29 MP: 3/3
    13 | D        | Reached XP level 4. HP: 21/35 MP: 4/4
    13 | D        | Reached XP level 5. HP: 24/39 MP: 5/5
    13 | D        | Reached XP level 6. HP: 27/44 MP: 6/6
    56 | D        | Killed a water moccasin
   283 | D        | Noticed a wyvern
   283 | D        | Noticed a wyvern
   288 | D        | Killed a wyvern
   288 | D        | Reached ** piety under Trog
   289 | D        | Reached XP level 7. HP: 42/50 MP: 7/7
   294 | D        | Killed a wyvern
   295 | D        | Reached skill level 9 in Fighting
   557 | D        | Reached *** piety under Trog
   668 | D        | Found Poneziaw's Weapon Boutique.
   668 | D        | Found Myitav's Gadget Boutique.
   668 | D        | Found Solomuq's Antique Armour Shop.
   669 | D        | Found Ynkesuec's Antique Weapon Shop.
   669 | D        | Found Bumoafuecs's Magic Scroll Boutique.
   669 | D        | Found Waoxko's General Store.
   669 | D        | Found Rosek's Distillery.
   670 | D        | Found Xeunlaocu's Antique Weapon Boutique.
   670 | D        | Found Qoxegraz's Jewellery Shop.
   671 | D        | Found Wuffisif's Antique Weapon Shop.
   671 | D        | Found Lugoab's Distillery.
   671 | D        | Noticed a yak
   672 | D        | Found Nowecig's Jewellery Boutique.
   672 | D        | Found Wieh's Book Shop.
   672 | D        | Noticed Menkaure
   672 | D        | Noticed a yak
   672 | D        | Noticed a yak
   672 | D        | Noticed an oklob plant
   688 | D        | Killed Menkaure
   900 | D        | Found Tyughear's Book Shoppe.
   900 | D        | Found Xitrekk's Antique Armour Boutique.
   906 | D        | Noticed a vampire mosquito
   915 | D        | Killed a vampire mosquito
   915 | D        | Reached **** piety under Trog
   916 | D        | Reached skill level 10 in Fighting
   916 | D        | Reached XP level 8. HP: 54/57 MP: 8/8
  1031 | D        | Noticed a manticore
  1034 | D        | Noticed a manticore
  1035 | D        | Noticed a manticore
  1047 | D        | Bought a glowing plate armour for 546 gold pieces
  1074 | D        | Noticed Roxanne
  1095 | D        | Noticed an obsidian statue
  1100 | D        | Noticed an ice devil
  1100 | D        | Noticed a red devil
  1106 | D        | Noticed a rust devil
  1106 | D        | Noticed a red devil
  1115 | D        | HP: 2/57 [red devil/+0 trident[an obsidian statue] (13)]
  1115 | D        | Mangled by a red devil

Illustrated notes

Levels and vault maps discovered:
D:        the_violet_keep_of_menkaure [sprint2_stairs_cluster_1,
          sprint2_shoproom, sprint2_temple, sprint2_basic_supplies,
          sprint2_obstacle_6, sprint2_obstacle_1, sprint2_obstacle_3,
          sprint2_obstacle_5, sprint2_obstacle_2, sprint2_timed_cluster_1,
          sprint2_smallroom_cluster_1, sprint2_smallroom_final_cluster_1,
          sprint2_transparent_cluster_1, sprint2_second_timed_cluster_1,
          sprint2_sniper_area_1, sprint2_heavy_combat_area_1,
          sprint2_mutation_trap_area_1, sprint2_forest_area_1,
          sprint2_light_combat_area_1, sprint2_behind_water_1,
          sprint2_near_end_vault_1]

Skill      XL: |  1  2  3  4  5  6  7 |
---------------+----------------------+-----
Fighting       | 8 10 | 10.1
Maces & Flails | 7 8 9 |  9.3
Armour         | 7 8 9 |  9.8
Dodging        | 5 6 7 |  7.5

Action                   |  1- 3 |  4- 6 |  7- 9 || total
-------------------------+-------+-------+-------++-------
Melee: Mace              |     6 |     4 |    50 ||    60
Invok: Berserk           |     1 |     1 |     4 ||     6
       Trog's Hand       |       |       |     1 ||     1
  Use: Potion            |       |       |     3 ||     3
Armor: Animal skin       |       |       |     6 ||     6
       Plate armour      |       |       |    13 ||    13
Dodge: Dodged            |     4 |     1 |    47 ||    52

Table legend: (Time is in decaauts)
 A = Elapsed time spent in this place.
 B = Non-inter-level travel time spent in this place.
 C = Inter-level travel time spent in this place.
 D = Time resting spent in this place.
 E = Time spent auto-exploring this place.
 F = Levels seen in this place.
 G = Mean time per level.
                   A        B        C        D        E       F      G
               +--------+--------+--------+--------+--------+-----+--------+
         Total |   1193 |   1190 |      3 |    960 |     20 |   1 | 1193.0 |
       Dungeon |   1193 |   1190 |      3 |    960 |     20 |   1 | 1193.0 |
               +--------+--------+--------+--------+--------+-----+--------+

Top non-repeatable levels by time:
       D: 1193 daAuts
